 Dungeon Crawl Stone Soup version 0.27.1-33-g824d729ab1 (webtiles) character file.

Game seed: 8579945150287908805

770 Miklasmaj321 the Basher (level 7, -15/41 HPs)
             Began as a Gargoyle Fighter on Dec 16, 2021.
             Was a Follower of Okawaru.
             Demolished by an ogre (16 damage)
             ... on level 4 of the Dungeon.
             The game lasted 00:06:08 (5654 turns).

Miklasmaj321 the Basher (Gargoyle Fighter)          Turns: 5654, Time: 00:06:09

Health: -15/41     AC: 13    Str: 22    XL:     7   Next: 82%
Magic:  7/7        EV:  7    Int:  8    God:    Okawaru [*.....]
Gold:   221        SH:  9    Dex:  9    Spells: 6/6 levels left

rFire    . . .     SeeInvis .   a - +0 flail
rCold    . . .     Faith    .   c - +0 kite shield
rNeg     + . .     Spirit   .   b - +0 scale mail
rPois    ∞         Reflect  .   (no helmet)
rElec    +         Harm     .   (no cloak)
rCorr    .         Rampage  .   s - +0 pair of gloves
Will     .....                  l - +0 pair of boots
Stlth    ..........             (no amulet)
HPRegen  0.13/turn              (no ring)
MPRegen  0.10/turn              (no ring)

@: no status effects
A: sickness immunity, AC +4, negative energy resistance 1, electricity
resistance, torment resistance 1, petrification resistance
a: Renounce Religion, Heroism


You were on level 4 of the Dungeon.
You worshipped Okawaru.
Okawaru was aware of your devotion.
You visited 2 branches of the dungeon, and saw 5 of its levels.

You collected 221 gold pieces.

Inventory:

Hand Weapons
 a - a +0 flail (weapon)
Missiles
 i - 2 poisoned darts (quivered)
Armour
 b - a +0 scale mail (worn)
 c - a +0 kite shield (worn)
 l - a +0 pair of boots (worn)
 s - a +0 pair of gloves (worn)
Wands
 n - a wand of digging (3)
Scrolls
 f - 2 scrolls of teleportation {unknown}
 g - a scroll of fear {unknown}
 h - 3 scrolls of magic mapping {unknown}
 k - 5 scrolls of identify {unknown}
 m - a scroll of enchant armour {unknown}
 o - a scroll of enchant weapon {unknown}
 p - a scroll of vulnerability {unknown}
Potions
 d - 2 potions of might
 e - 3 potions of brilliance {unknown}
 j - 2 potions of curing {unknown}
 q - a potion of mutation {unknown}
 r - a potion of haste {unknown}
 t - a potion of ambrosia {unknown}


   Skills:
 - Level 3.2 Fighting
 + Level 8.7 Maces & Flails
 - Level 3.2 Armour
 - Level 3.2 Shields


You had 6 spell levels left.
You didn't know any spells.
Your spell library was empty.

Dungeon Overview and Level Annotations

Branches:
Dungeon (4/15)             Temple (1/1) D:4

Altars:
Ashenzari
Cheibriados
Dithmenos
Elyvilon
Fedhas
Gozag
Hepliaklqana
Kikubaaqudgha
Makhleb
Okawaru
Sif Muna
Uskayaw
Vehumet
Xom
Yredelemnul

Shops:
D:2 :


Innate Abilities, Weirdness & Mutations

You are immune to sickness and miasma.
Your stone body is resilient. (AC +4)
You are immune to poison.
You resist negative energy. (rN+)
You are resistant to electric shocks. (rElec)
You are resistant to unholy torment.
You are immune to petrification.


Message History

No target in view!
No target in view!
No target in view!
No target in view!
No target in view!
No target in view!
No target in view!
No target in view!
No target in view!
No target in view!
You see here a +0 spear.
Found a leather armour.
The ogre shouts!
Throw: 3 darts (poison)
Press: ? - help, Q - select action, (/) - cycle Shift-Dir - straight line, f - ogre
Aim: an ogre, wielding a +0 giant club (71% to hit)
You throw a poisoned dart. The poisoned dart hits the ogre.
Your shield and scale mail prevent you from hitting the ogre.
The ogre hits you with a +0 giant club!
You sock the ogre!
The ogre is heavily wounded.
The ogre hits you with a +0 giant club.
Your scale mail prevents you from hitting the ogre.
The ogre is heavily wounded.
The ogre hits you with a +0 giant club!!
Ouch! That really hurt!
* * * LOW HITPOINT WARNING * * *
You sock the ogre!
The ogre is severely wounded.
The ogre hits you with a +0 giant club.
* * * LOW HITPOINT WARNING * * *
You hit the ogre.
The ogre is almost dead.
You barely miss the ogre.
The ogre is almost dead.
You block the ogre's attack.
You closely miss the ogre.
The ogre is severely wounded.
The ogre hits you with a +0 giant club!
You die...

###.# #.O.b...###
#[.
#..###.#####.##.
#.. #...b..# #.#..
#.. #.###### #....
#.. #. ###.. .( ..
##########† #.###
#..).......
#O#######.#########
#.@.......#
###########


You could see an ogre.

Vanquished Creatures
  A necrophage (D:4)
  A bullfrog (D:4)
  5 scorpions
  A jelly (D:4)
  3 orc priests
  Ijyb (D:3)
  A mummy (D:3)
  6 adders
  A gnoll (D:3)
  An adder zombie (D:1)
  2 worms
  4 dart slugs
  10 orcs
  8 endoplasms
  4 giant cockroaches
  5 goblins
  5 hobgoblins
  3 jackals (D:2)
  3 quokkas
  5 ball pythons
  6 bats
  8 frilled lizards
  5 kobolds
  A quokka zombie (D:1)
  6 rats
96 creatures vanquished.

Vanquished Creatures (others)
  12 fungi (D:4)
12 creatures vanquished.

Grand Total: 108 creatures vanquished

Notes
Turn   | Place    | Note
-------+----------+-------------------------------------------
     0 | D:1      | Miklasmaj321 the Gargoyle Fighter began the quest for the
                  | Orb.
     0 | D:1      | Reached XP level 1. HP: 14/14 MP: 1/1
   124 | D:1      | Reached XP level 2. HP: 7/19 MP: 2/2
   494 | D:1      | Reached skill level 3 in Maces & Flails
   785 | D:1      | Reached XP level 3. HP: 19/23 MP: 3/3
   891 | D:1      | Found a faded altar of an unknown god.
  1717 | D:2      | Reached skill level 4 in Maces & Flails
  1781 | D:2      | Reached XP level 4. HP: 28/28 MP: 4/4
  2352 | D:2      | Noticed a scorpion
  2362 | D:2      | Killed a scorpion
  2363 | D:2      | Reached skill level 5 in Maces & Flails
  2363 | D:2      | Reached XP level 5. HP: 3/32 MP: 5/5
  2846 | D:2      | Found Fianewk's Book Boutique.
  2994 | D:3      | Found a white marble altar of Elyvilon.
  3446 | D:3      | Noticed Ijyb
  3458 | D:3      | Killed Ijyb
  3831 | D:3      | Found a snail-covered altar of Cheibriados.
  4604 | D:3      | Reached skill level 6 in Maces & Flails
  4604 | D:3      | Reached XP level 6. HP: 37/37 MP: 6/6
  4771 | D:3      | Found an iron altar of Okawaru.
  4780 | D:3      | Became a worshipper of Warmaster Okawaru
  4807 | D:4      | Noticed a necrophage
  4819 | D:4      | Killed a necrophage
  4831 | D:4      | Found a staircase to the Ecumenical Temple.
  4843 | D:4      | Reached skill level 7 in Maces & Flails
  4847 | Temple   | Entered the Ecumenical Temple
  5099 | D:4      | Found a shimmering blue altar of Sif Muna.
  5099 | D:4      | Found a burning altar of Makhleb.
  5145 | D:4      | Reached XP level 7. HP: 33/41 MP: 7/7
  5386 | D:3      | Reached * piety under Okawaru
  5472 | D:4      | Reached skill level 8 in Maces & Flails
  5650 | D:4      | HP: 2/41 [ogre (23)]
  5654 | D:4      | Demolished by an ogre

Illustrated notes

Levels and vault maps discovered:
D:1:      saegor_arrival_fortress, layout_loops_ring,
          ebering_ecumenical_altar_webs, minmay_tromino_v2
D:2:      layout_loops_ring, serial_shops, shop_statue, minmay_misc_feat_x
D:3:      layout_basic, amcnicky_altar_gilded, chei_slow_surprise,
          okawaru_altar_gauntlet_db, moated_statue, uniq_ijyb
D:4:      old_forge, layout_loops_ring, mainiacjoe_overflow_cross_hatched,
          jmf_multi_god_temple, minmay_temple_entry_large_hall
Temple:   zaba_magenta_temple

Skill      XL: |  1  2  3  4  5  6  7 |
---------------+----------------------+-----
Maces & Flails | 3 4 5 6 7 8 |  8.7
Fighting       | |  3.2
Armour         | |  3.2
Shields        | |  3.2

Action                   |  1- 3 |  4- 6 |  7- 9 || total
-------------------------+-------+-------+-------++-------
Melee: Flail             |   143 |   185 |    57 ||   385
Throw: Dart              |       |       |     1 ||     1
Armor: Scale mail        |    75 |    81 |    42 ||   198
Dodge: Dodged            |    48 |    36 |    23 ||   107
Block: Kite shield       |    83 |    67 |    27 ||   177
